 Dungeon Crawl Stone Soup version 0.21.0-25-ge575cb9 (webtiles) character file.

47 nikopol the Covered (level 3, -3/24 HPs)
             Began as a Gargoyle Fighter on Jan 23, 2018.
             Killed from afar by Natasha (6 damage)
             ... with a magic dart
             ... on level 2 of the Dungeon.
             The game lasted 00:01:46 (1112 turns).

nikopol the Covered (Gargoyle Fighter)              Turns: 1112, Time: 00:01:47

Health: -3/24      AC: 14    Str: 19    XL:     3   Next: 70%
Magic:  3/3        EV:  3    Int:  8    God:
Gold:   86         SH:  9    Dex: 10    Spells: 2/2 levels left

rFire    + . .     SeeInvis .   a - +0 war axe
rCold    . . .     Gourm    .   c - +0 shield
rNeg     + . .     Faith    .   m - +0 plate armour
rPois    ∞         Spirit   .   (no helmet)
rElec    +         Reflect  .   (no cloak)
rCorr    .         Harm     .   (no gloves)
MR       .....                  (no boots)
Stlth    ..........             (no amulet)
HPRegen  0.08/turn              i - ring of protection from fire
MPRegen  0.08/turn              (no ring)

@: no status effects
A: negative energy resistance 1, electricity resistance, unbreathing,
petrification resistance, rot immunity, AC +3
a: no special abilities


You were on level 2 of the Dungeon.
You were not hungry.

You visited 1 branch of the dungeon, and saw 2 of its levels.

You collected 86 gold pieces.

Inventory:

Hand Weapons
 a - a +0 war axe (weapon)
Armour
 b - a +0 scale mail
 c - a +0 shield (worn)
 m - a +0 plate armour (worn)
Jewellery
 i - a ring of protection from fire (left hand)
Scrolls
 g - 2 scrolls of teleportation {unknown}
 j - a scroll of amnesia {unknown}
 k - a scroll of enchant weapon {unknown}
 l - 2 scrolls of identify {unknown}
 n - 2 scrolls of immolation {unknown}
 p - 3 scrolls of remove curse {unknown}
 r - a scroll of enchant armour {unknown}
Potions
 d - a potion of might
 e - 2 potions of curing {unknown}
 h - 3 potions of flight {unknown}
 o - 2 potions of heal wounds {unknown}
Comestibles
 f - 5 rations
 q - 4 chunks of flesh


   Skills:
 + Level 3.8 Fighting
 + Level 2.5 Axes
 + Level 3.8 Armour
 + Level 3.5 Shields


You had 2 spell levels left.
You didn't know any spells.

Dungeon Overview and Level Annotations

Branches:
Dungeon (2/15)

Altars:
Yredelemnul

Annotations:
D:2 Natasha


Innate Abilities, Weirdness & Mutations

You are resistant to torment.
Your stone body is resilient. (AC +3)
You are immune to poison.
You resist negative energy. (rN+)
You are resistant to electric shocks. (rElec)
You can survive without breathing.
You are immune to petrification.
You are immune to rotting.


Message History

Natasha claws you.
* * * LOW HITPOINT WARNING * * *
You slash Natasha!
Natasha is severely wounded.
You hit the shadow imp.
You kill the shadow imp!
Natasha stares at you and mumbles some strange words.
The magic dart hits you!
You closely miss Natasha.
Natasha is severely wounded.
Natasha barely misses you.
Your shield and plate armour prevent you from hitting Natasha.
Natasha is severely wounded.
You closely miss the crimson imp.
Natasha stares at you and mumbles some strange words.
The magic dart hits you!
The crimson imp hits you but does no damage.
Natasha casts a spell at you. The magic dart hits you!
You die...

#..#..#
#.#...>
#.###.#
#.#####
#..#(.# #.#
##...## #.#
##.## #)#
####'# #.#
#....# #.#
#....# #.#
#h@..# #.#
.......5..#
#.###.....#
#.....#
#.....#
#.##..# #.
#..# #. ..#


You could see Natasha and a crimson imp.

Vanquished Creatures
  An adder (D:2)
  A dart slug (D:2)
  2 giant cockroaches
  4 goblins
  4 hobgoblins
  5 jackals (D:2)
  A ball python (D:1)
  6 bats
  A frilled lizard (D:1)
  6 kobolds
  A quokka skeleton (D:2)
  A rat (D:1)
33 creatures vanquished.

Notes
Turn   | Place    | Note
-------+----------+-------------------------------------------
     0 | D:1      | nikopol the Gargoyle Fighter began the quest for the Orb.
     0 | D:1      | Reached XP level 1. HP: 14/14 MP: 1/1
   207 | D:1      | Reached XP level 2. HP: 19/19 MP: 2/2
   882 | D:2      | Found a basalt altar of Yredelemnul.
   928 | D:2      | Reached XP level 3. HP: 24/24 MP: 3/3
  1097 | D:2      | Noticed Natasha
  1112 | D:2      | Killed from afar by Natasha

Skill      XL: |  1  2 |
---------------+-------+-----
Axes           | 2 |  2.5
Fighting       | |  3.8
Armour         | |  3.8
Shields        | |  3.5

Action                   || total
-------------------------++-------
Melee: War axe           ||    97
  Eat: Chunk             ||     1
Armor: Scale mail        ||    15
       Plate armour      ||    85
Dodge: Dodged            ||    17
Block: Shield            ||    66
